Map: Honorgrounds LE

Players

Railgan

  • Race: Zerg Zerg
  • League: Grandmaster
  • Spawn Location: 1:00

Glückskeks - Winner!

  • Race: Terran Terran
  • League: Master
  • Spawn Location: 5:00

VOD

Have the link to the VOD?

Description

Time

  • Played on: March 13, 2017, 5:46 p.m.
  • Length: 12:41
Show
View Real Time Build Order
Export as new Build Order

Railgan Zerg 

Build Orders: Pool First, Lurkers 

Get SALT Encoding   

  12  0:01  Drone  
  13  0:12  Overlord  
  13  0:19  Drone  
  14  0:30  Drone x2  
  14  0:34  Drone  
  17  0:47  Spawning Pool  
  16  0:51  Drone  
  17  0:58  Drone  
  18  1:14  Extractor, Hatchery  
  16  1:19  Drone  
  16  1:21  Drone  
  18  1:30  Drone  
  19  1:34  Queen  
  19  1:38  Zergling x2  
  22  1:50  Overlord  
  22  2:12  Queen  
  22  2:14  Drone x2  
  26  2:18  Metabolic Boost  
  27  2:22  Zergling x2  
  27  2:29  Spore Crawler  
  26  2:30  Drone  
  26  2:33  Drone, Queen  
  31  2:37  Drone  
  31  2:43  Overlord  
  32  2:44  Drone  
  32  2:45  Drone  
  32  2:50  Drone  
  35  2:55  Evolution Chamber  
  35  2:57  Drone  
  35  3:04  Zergling x2  
  36  3:06  Drone  
  36  3:09  Drone  
  38  3:19  Zergling x2  
  38  3:24  Zerg Ground Armor Level 1, Zergling x4  
  40  3:33  Drone x3  
  43  3:35  Overlord  
  43  3:52  Extractor  
  43  3:53  Drone, Overlord  
  43  3:54  Drone x3  
  43  3:55  Extractor  
  45  4:07  Drone x2  
  45  4:09  Lair  
  47  4:16  Drone x2  
  49  4:18  Drone x2  
  51  4:26  Zergling x2  
  51  4:27  Zergling x6  
  51  4:31  Zergling x2  
  52  4:34  Drone  
  52  4:36  Queen  
  55  4:39  Extractor  
  55  4:40  Zergling x6  
  57  4:46  Overlord  
  57  4:52  Overlord  
  57  5:06  Zergling x2  
  59  5:07  Zergling x2  
  59  5:10  Queen  
  59  5:12  Hydralisk Den  
  57  5:29  Drone  
  58  5:40  Zergling x2  
  59  5:43  Drone  
  59  5:44  Hydralisk x2, Drone x2  
  59  5:46  Overlord  
  59  5:49  Overlord x2, Muscular Augments  
  66  5:51  Zerg Ground Armor Level 2  
  66  5:57  Evolution Chamber  
  66  5:59  Hydralisk  
  67  6:05  Hatchery  
  67  6:07  Hydralisk x2  
  67  6:09  Overseer  
  70  6:15  Hydralisk x2, Overlord  
  74  6:19  Drone x2  
  74  6:25  Queen  
  74  6:30  Drone  
  74  6:38  Hydralisk x2  
  78  6:41  Zerg Missile Weapons Level 1  
  78  6:43  Drone  
  78  6:44  Drone x5  
  84  6:50  Hydralisk  
  86  7:09  Hydralisk  
  86  7:10  Hydralisk x4  
  96  7:17  Overlord, Lurker Den  
  96  7:18  Hydralisk  
  96  7:22  Queen  
  100  7:29  Hydralisk  
  102  7:38  Hydralisk  
  102  7:39  Hydralisk  
  106  7:44  Hydralisk  
  102  7:53  Hydralisk  
  90  8:00  Drone  
  90  8:01  Drone x6  
  97  8:11  Drone  
  97  8:12  Drone x3  
  101  8:14  Extractor  
  101  8:15  Extractor, Zergling x8  
  101  8:16  Pneumatized Carapace  
  103  8:24  Hatchery  
  102  8:28  Drone  
  102  8:29  Drone x2  
  102  8:30  Zerg Melee Weapons Level 1, Spore Crawler x2  
  102  8:31  Hydralisk  
  105  8:41  Zergling x16  
  113  8:42  Overlord  
  113  8:44  Overlord  
  113  8:46  Overlord  
  113  8:49  Drone  
  114  9:00  Hydralisk x3  
  106  9:10  Hydralisk  
  106  9:12  Hydralisk  
  106  9:13  Hydralisk  
  106  9:14  Hydralisk  
  106  9:15  Hydralisk, Drone  
  97  9:23  Hydralisk x7  
  105  9:26  Hydralisk  
  105  9:32  Hydralisk  
  107  9:51  Lurker x4  
  111  9:55  Zergling x6  
  111  9:56  Hatchery, Zergling x6  
  116  10:02  Lurker  
  116  10:03  Zergling x6  
  116  10:05  Zerg Missile Weapons Level 2  
  116  10:06  Overlord  
  120  10:17  Hydralisk  
  117  10:23  Hydralisk  
  117  10:26  Hydralisk  
  117  10:27  Hydralisk  
  117  10:32  Hydralisk  
  117  10:34  Zergling x2  
  116  10:41  Lurker x2  
  116  10:42  Drone, Lurker  
  120  10:43  Zergling x18  
  129  10:50  Overlord  
  129  10:55  Overlord  
  129  10:57  Overlord  
  129  10:59  Overlord  
  116  11:11  Hydralisk x6  
  116  11:12  Hydralisk x4  
  116  11:13  Overlord  
  136  11:25  Hydralisk  
  126  11:26  Hydralisk x2  
  132  11:34  Hydralisk x4  
  132  11:36  Zergling x2  
  132  11:39  Zergling x4  
  147  11:40  Zergling x8  
  147  11:44  Lurker  
  148  11:49  Zergling x6  
  148  11:54  Hydralisk  
  148  11:56  Zergling x2  
  148  11:57  Queen x2  
  148  11:58  Queen  
  155  12:04  Hydralisk  
  124  12:15  Zergling x12  
Show
View Real Time Build Order
Export as new Build Order

Glückskeks Terran - Winner!

Build Orders: Reaper Expand, MMM Bio 

Get SALT Encoding   

  12  0:00  SCV  
  13  0:12  SCV  
  14  0:18  Supply Depot  
  14  0:24  SCV  
  15  0:40  SCV  
  15  0:41  Barracks  
  16  0:44  Refinery  
  16  0:52  SCV  
  17  1:04  SCV  
  18  1:16  SCV  
  19  1:28  Reaper, Orbital Command  
  20  1:42  Command Center  
  20  1:54  SCV  
  20  1:57  Barracks  
  20  2:00  Barracks Reactor  
  21  2:06  Refinery  
  21  2:09  SCV  
  22  2:21  SCV  
  23  2:22  Supply Depot  
  23  2:33  Factory  
  23  2:44  Barracks Tech Lab  
  23  2:45  Marine x2, SCV  
  26  2:56  Orbital Command  
  26  2:57  SCV  
  27  3:03  Marine  
  28  3:07  Stimpack  
  28  3:09  Marine, SCV  
  28  3:12  Marine  
  31  3:22  Factory Reactor, Starport  
  31  3:25  SCV  
  32  3:28  SCV  
  32  3:30  Marine  
  34  3:35  Marine x2  
  34  3:40  Supply Depot  
  36  3:44  SCV  
  36  3:48  Marine  
  38  3:49  SCV  
  38  3:52  Marine  
  40  3:56  Marine, Supply Depot, SCV  
  40  4:02  SCV  
  43  4:05  Medivac, Marine  
  43  4:08  Medivac  
  48  4:10  Marine  
  48  4:14  Marine, SCV  
  51  4:21  SCV  
  51  4:23  Marine  
  53  4:28  Marine, SCV  
  55  4:33  Marine, SCV  
  57  4:41  Engineering Bay x2, Marine  
  58  4:47  SCV  
  59  4:54  SCV  
  60  5:03  SCV  
  60  5:06  Command Center  
  61  5:07  SCV  
  61  5:08  Combat Shields  
  61  5:11  Terran Infantry Armor Level 1  
  62  5:16  Terran Infantry Weapons Level 1  
  62  5:20  SCV  
  62  5:26  SCV  
  59  5:29  Supply Depot  
  59  5:30  Supply Depot  
  59  5:32  Marine x2, SCV  
  62  5:38  Marine, Widow Mine  
  62  5:41  SCV  
  66  5:43  Medivac  
  66  5:45  SCV  
  66  5:46  Refinery  
  69  5:50  Marine x2  
  69  5:52  Supply Depot  
  69  5:55  SCV  
  72  5:57  Barracks  
  72  5:59  SCV  
  72  6:00  Marine  
  74  6:07  SCV  
  74  6:10  Marine x2  
  74  6:11  SCV  
  78  6:12  Barracks  
  78  6:18  Marine  
  79  6:23  SCV  
  80  6:30  SCV  
  80  6:32  Factory Tech Lab, Orbital Command  
  79  6:33  Starport Reactor  
  79  6:35  SCV  
  79  6:38  Barracks  
  79  6:39  Barracks  
  78  6:40  Refinery  
  78  6:44  SCV  
  79  6:49  Marine x2, SCV  
  79  6:50  Marine x2  
  79  6:52  Armory  
  84  7:01  Barracks Reactor  
  84  7:02  Siege Tank, SCV  
  84  7:03  Orbital Command  
  84  7:04  Marauder  
  84  7:05  SCV  
  91  7:14  SCV  
  92  7:17  SCV  
  92  7:20  Marine x4  
  92  7:21  Medivac x2  
  101  7:25  Marine  
  101  7:28  Barracks Reactor x2  
  102  7:30  SCV x2  
  104  7:38  Marine  
  104  7:40  Marine x2  
  104  7:41  Marine  
  104  7:42  Marine  
  109  7:50  Marine  
  107  7:52  Siege Tank  
  98  7:59  Marine  
  98  8:00  Marine x2  
  98  8:01  Marine x3  
  98  8:02  Medivac x2  
  98  8:04  SCV  
  107  8:07  Factory  
  107  8:08  Marine, Supply Depot x2  
  107  8:10  Marine, Supply Depot  
  109  8:16  Terran Infantry Weapons Level 2  
  109  8:17  Terran Infantry Armor Level 2  
  109  8:28  Supply Depot  
  109  8:29  Marine x7, Marauder, SCV  
  109  8:30  SCV x2  
  121  8:39  Marine x3  
  123  8:45  SCV x3  
  123  8:46  Refinery  
  123  8:47  Marine x2, Supply Depot  
  128  8:49  Siege Tank, Supply Depot  
  128  8:50  Marine x4  
  128  8:52  Factory Tech Lab  
  135  8:56  Marine x3  
  135  8:57  Marine  
  135  8:59  Marine  
  135  9:01  SCV  
  141  9:03  Terran Vehicle Weapons Level 1, Unknown  
  141  9:06  SCV  
  128  9:11  Marine  
  128  9:13  Marine  
  128  9:14  SCV  
  128  9:15  Marine x7, Marauder  
  118  9:17  Marine  
  115  9:29  Marine  
  116  9:31  Marine  
  116  9:33  Marine, Liberator x2  
  116  9:35  Marine  
  119  9:40  Marine x7  
  119  9:41  Siege Tank x2  
  132  9:47  Marine  
  132  9:49  Marine  
  132  9:51  Marine  
  141  9:53  Marine  
  141  9:58  Marine x2  
  144  10:01  Marine x3  
  144  10:02  Marine x2  
  144  10:05  Marine, Supply Depot  
  144  10:06  Supply Depot  
  150  10:08  Marine  
  150  10:13  Siege Tank  
  154  10:20  Marine  
  154  10:21  Marine x8  
  145  10:22  Marine, SCV  
  152  10:32  Marine  
  145  10:38  Marine, Liberator x2  
  145  10:39  Marine x3  
  145  10:41  Siege Tank  
  152  10:52  Command Center  
  152  10:56  Marine x8  
  166  11:02  Marine  
  167  11:07  SCV  
  161  11:11  Marine  
  161  11:12  Marine, Siege Tank  
  161  11:14  Marine  
  167  11:22  Marine x2  
  167  11:23  Marine x3  
  172  11:29  Marine  
  172  11:32  Supply Depot x2  
  173  11:33  Supply Depot  
  173  11:53  Marine x5, Siege Tank  
  173  11:54  Marine x4, Siege Tank  
  188  11:58  Marine  
  175  12:12  Marine  
  175  12:15  Marine x6  
  174  12:19  Missile Turret  
Tags
 
Add a new tag
Caveats
  • Supply blocks, unpowered buildings, or Contaminate may cause inaccurate times.
  • Supply counts are checked every 10 seconds.